 Dungeon Crawl Stone Soup version 0.31.0-9-g3a7656b989 (webtiles) character file.

Game seed: 7596945038915923505

196 qw the Shooter (level 5, 0/41 HPs)
             Began as a Demigod Hunter on Feb 2, 2024.
             Slain by a phantom (5 damage)
             ... on level 4 of the Dungeon.
             The game lasted 00:00:09 (2779 turns).

qw the Shooter (Demigod Hunter)                     Turns: 2779, Time: 00:00:09

Health: 0/41       AC:  5    Str: 12    XL:     5   Next: 21%
Magic:  7/7        EV: 12    Int: 11    God:
Gold:   192        SH:  0    Dex: 21    Spells: 4/4 levels left

rFire   . . .        a - +0 shortbow
rCold   . . .        (shield currently unavailable)
rNeg    . . .        j - +0 ring mail
rPois   .            (no helmet)
rElec   .            (no cloak)
rCorr   .            (no gloves)
SInv    .            (no boots)
Will    .....        (no amulet)
Stlth   +            (no ring)
HPRegen 0.26/turn    (no ring)
MPRegen 0.10/turn

%: no passive effects
@: no status effects
A: high MP 1, forlorn, divine attributes
a: no special abilities


You were on level 4 of the Dungeon.
You visited 1 branch of the dungeon, and saw 4 of its levels.

You collected 192 gold pieces.


Innate Abilities, Weirdness & Mutations

You have an increased reservoir of magic. (+10% MP)
You shall have no god before yourself.
Your divine heritage dramatically boosts your attributes as you level up.


   Skills:
 - Level 2.0 Fighting
 + Level 5.2 Ranged Weapons
 - Level 1.3 Armour
 - Level 3.0 Dodging
 - Level 0.8 Stealth


You had 4 spell levels left.
You didn't know any spells.
Your spell library was empty.

Inventory:

Hand Weapons
 a - a +0 shortbow (weapon)
Armour
 j - a +0 ring mail (worn)
Wands
 b - a wand of mindburst (12)
 c - a wand of flame (10)
Potions
 d - 2 potions of curing
 g - a potion of invisibility {unknown}
 i - a potion of degeneration {unknown}

Dungeon Overview and Level Annotations

Branches:
Dungeon (4/15)
 Temple: D:4-7

Annotations:
D:2 1 runed translucent door, Crazy Yiuf


Message History

The orc hits you but does no damage.
You shoot an arrow. The arrow hits the orc!
You kill the orc!
You shoot an arrow. The arrow barely misses the phantom.
The arrow hits the orc!
You kill the orc!
The phantom closely misses you.
You shoot an arrow. The arrow hits the phantom!
The phantom is moderately damaged.
The phantom hits you!
The phantom blinks!
You blink.
The phantom hits you.
The phantom blinks!
You blink.
You shoot an arrow. The arrow barely misses the phantom.
The phantom completely misses you.
You shoot an arrow. The arrow hits the phantom!
The phantom is heavily damaged.
The phantom hits you.
You shoot an arrow. The arrow hits the phantom.
The phantom is severely damaged.
The phantom barely misses you.
You shoot an arrow. The arrow closely misses the phantom.
The phantom misses you. The phantom hits you.
The phantom blinks!
You blink.
You shoot an arrow.
The arrow completely misses the phantom.
The phantom hits you.
You shoot an arrow. The arrow hits the phantom.
The phantom is almost destroyed.
The phantom hits you.
The phantom blinks!
You blink.
You shoot an arrow. The arrow hits the phantom.
The phantom is almost destroyed.
The phantom hits you but does no damage.
You shoot an arrow. The arrow misses the phantom.
The phantom closely misses you. The phantom barely misses you.
You shoot an arrow. The arrow misses the phantom.
The phantom hits you.
The phantom blinks!
You blink.
You shoot an arrow. The arrow barely misses the phantom.
The phantom hits you but does no damage.
You shoot an arrow.
The arrow hits the phantom but does no damage.
The phantom is almost destroyed.
The phantom hits you.
You die...

#.# ## ... ...
# ......
#.####.##.#
#<...
#.#.......#
#... #<#.#
##.#.###.#.#
###...)ยค...#.#
.......#####.#
###...@.....#
###W########
#.........
##########


You could see a phantom.

Vanquished Creatures
  A scorpion (D:3)
  An orc priest (D:4)
  An iguana (D:3)
  A gnoll (D:1)
  2 dart slugs (D:2)
  A ribbon worm (D:2)
  4 orcs
  4 endoplasms
  4 giant cockroaches
  5 goblins
  7 hobgoblins
  3 jackals (D:1)
  3 kobolds
  4 quokkas
  3 ball pythons
  5 bats
  4 frilled lizards
  8 rats
61 creatures vanquished.

Notes
Turn   | Place    | Note
-------+----------+-------------------------------------------
     0 | D:1      | qw the Demigod Hunter began the quest for the Orb.
     0 | D:1      | Reached XP level 1. HP: 17/17 MP: 3/3
     0 | D:1      | 0 ||| qw: Version: 0.3-a-155-g5e7d8dd
     0 | D:1      | 0 ||| qw: Game counter: 311
     0 | D:1      | 0 ||| qw: Melee chars always use a shield: true
     0 | D:1      | 0 ||| qw: God list: Okawaru
     0 | D:1      | 0 ||| qw: Allow faded altars: false
     0 | D:1      | 0 ||| qw: Do Orc after clearing Dungeon:15 true
     0 | D:1      | 0 ||| qw: Do second Lair branch before Depths: true
     0 | D:1      | 0 ||| qw: Lair rune preference: random
     0 | D:1      | 0 ||| qw: Goals: Normal
     0 | D:1      | 0 ||| PLANNING D:1-11
   105 | D:1      | Reached skill level 4 in Ranged Weapons
   105 | D:1      | Reached XP level 2. HP: 7/24 MP: 4/4
   500 | D:1      | Reached XP level 3. HP: 29/29 MP: 5/5
   701 | D:1      | 701 ||| UPGRADING to +0 ring mail.
   711 | D:1      | 711 ||| DROPPING +0 leather armour.
   712 | D:1      | 712 ||| READING 2 scrolls labelled BATAXU DEGID.
   712 | D:1      | 712 ||| IDENTIFYING bubbling clear potion
   713 | D:1      | 713 ||| READING scroll of identify.
   713 | D:1      | 713 ||| IDENTIFYING sapphire potion
   714 | D:1      | 714 ||| READING 2 scrolls labelled ZEUTUPY MAZI.
   715 | D:1      | 715 ||| READING scroll labelled JYRUSY NIER.
   716 | D:1      | 716 ||| DROPPING scroll of butterflies.
   717 | D:1      | 717 ||| DROPPING scroll of noise.
   718 | D:1      | 718 ||| DROPPING potion of lignification.
   719 | D:1      | 719 ||| DROPPING potion of attraction.
   753 | D:2      | 753 ||| STAIRDANCE
  1144 | D:2      | Found a runed translucent door.
  1145 | D:2      | Noticed Crazy Yiuf
  1580 | D:2      | 1580 ||| DROPPING amulet of magic regeneration.
  1581 | D:2      | 1581 ||| READING scroll of identify.
  1581 | D:2      | 1581 ||| IDENTIFYING cyan potion
  1582 | D:2      | 1582 ||| READING scroll labelled GAWNAELECI.
  1794 | D:3      | Reached skill level 5 in Ranged Weapons
  1822 | D:3      | Noticed a scorpion
  1823 | D:3      | 1823 ||| ZAPPING wand of flame (13) at -7,2 (scorpion;
                  | floor).
  1824 | D:3      | 1824 ||| ZAPPING wand of flame (12) at -5,2 (scorpion;
                  | floor).
  1825 | D:3      | 1825 ||| ZAPPING wand of flame (11) at -4,1 (scorpion;
                  | floor).
  1825 | D:3      | Killed a scorpion
  1826 | D:3      | Reached skill level 3 in Dodging
  1826 | D:3      | Reached XP level 4. HP: 36/36 MP: 6/6
  2349 | D:3      | HP: 5/36 [iguana (13)]
  2350 | D:3      | 2350 ||| READING scroll of teleportation.
  2352 | D:3      | Reached skill level 1 in Armour
  2628 | D:3      | 2628 ||| READING scroll labelled ZULLOX UKHIS.
  2630 | D:3      | 2630 ||| Stepping ~*~*~tactically~*~*~ (cloud).
  2751 | D:4      | Noticed a phantom
  2754 | D:4      | Reached XP level 5. HP: 41/41 MP: 7/7
  2774 | D:4      | HP: 9/41 [phantom (2)]
  2777 | D:4      | HP: 4/41 [phantom (6)]
  2779 | D:4      | Slain by a phantom

Levels and vault maps discovered:
D:1:      orjb1_lava_funnel, layout_basic
D:2:      minmay_chambers_of_ones, layout_basic, minmay_misc_feat_square,
          dk_noncrumbling_3, nrook_mini_vaults, uniq_crazy_yiuf_cottage
D:3:      layout_loops_ring, nicolae_overflow_hidden_temple, minitemple,
          ebering_ecumenical_altar_webs, hangedman_decor_clover_reticule,
          chequers_serial_rivers_large_a
D:4:      layout_loops_ring, zin_treasury, nicolae_overflow_crystal_walls,
          minmay_snake_closets

Skill      XL: |  1  2  3  4 |
---------------+-------------+-----
Ranged Weapons | 4 5 |  5.2
Fighting       | 2 |  2.0
Dodging        | 3 |  3.0
Armour         | 1 |  1.3
Stealth        | |  0.8

Action                     |  1- 3 |  4- 6 || total
---------------------------+-------+-------++-------
   Fire: Shortbow          |   122 |    57 ||   179
  Evoke: Wand              |     3 |       ||     3
    Use: Scroll            |     6 |     2 ||     8
 Armour: Leather armour    |    12 |       ||    12
         Ring mail         |    15 |    27 ||    42
  Dodge: Dodged            |    28 |    23 ||    51

Table legend:
 A = Non-vault XP
 B = Vault XP
 C = Vault XP percentage of total XP
 D = Non-vault monster count
 E = Vault monster count
 F = Vault count percentage of total count
                 A         B        C        D         E       F
            +---------+---------+-------+---------+---------+-------
      Total |     269 |      12 |   4.3 |      56 |       5 |   8.2
            +---------+---------+-------+---------+---------+-------
        D:1 |      49 |       0 |   0.0 |      22 |       0 |   0.0
        D:2 |      30 |      12 |  28.6 |      16 |       5 |  23.8
        D:3 |     140 |       0 |   0.0 |      14 |       0 |   0.0
        D:4 |      50 |       0 |   0.0 |       4 |       0 |   0.0
            +---------+---------+-------+---------+---------+-------
